TOP OF THE 1ST |
Culver City Extras batting - Pitching for Menlo Maniacs : RHP Manny Maldonado
|
Pitching: RHP Manny Maldonado
|
|
Batting: RHB Sergio Pujols
|
0-0: Called Strike 0-1: Ball 1-1: Swinging Strike 1-2: Ball 2-2: Foul Ball, location: 2F 2-2: DOUBLE (Line Drive, 89D)
|
Batting: RHB Mario López
|
0-0: Called Strike 0-1: Fly out, F6 (Popup, 56)
|
Batting: LHB Jason Lambert
|
0-0: Foul Ball, location: 2F 0-1: Swinging Strike 0-2: Ball 1-2: Ground out U3 (Groundball, 3) Sergio Pujols to third
|
Batting: RHB Ricardo Cabrera
|
0-0: Ball 1-0: Foul Ball, location: 2F 1-1: Foul Ball, location: 2F 1-2: Foul Ball, location: 2F 1-2: Strikes out swinging
|
Top of the 1st over - 0 run(s), 1 hit(s), 0 error(s), 1 left on base; Culver City 0 - Menlo 0 |
BOTTOM OF THE 1ST |
Menlo Maniacs batting - Pitching for Culver City Extras : LHP Greg Taylor
|
Pitching: LHP Greg Taylor
|
|
Batting: LHB Héctor Flores
|
0-0: Swinging Strike 0-1: Ball 1-1: Ball 2-1: Foul Ball, location: 2F 2-2: Foul Ball, location: 2F 2-2: Strikes out swinging
|
Batting: LHB Vincente Sáenz
|
0-0: Called Strike 0-1: SOLO HOME RUN (Flyball, 8RXD), Distance : 437 ft
|
Batting: RHB Yasuhiko Sumita
|
0-0: Ball 1-0: Foul Ball, location: 2F 1-1: SOLO HOME RUN (Flyball, 7D), Distance : 395 ft
|
Batting: RHB Alberto Hernández
|
0-0: Called Strike 0-1: Ball 1-1: Swinging Strike 1-2: Ball 2-2: Strikes out looking
|
Batting: LHB Paul Alexander
|
0-0: Ball 1-0: Ground out 6-3 (Groundball, 6M)
|
Bottom of the 1st over - 2 run(s), 2 hit(s), 0 error(s), 0 left on base; Culver City 0 - Menlo 2 |
TOP OF THE 2ND |
Culver City Extras batting - Pitching for Menlo Maniacs : RHP Manny Maldonado
|
Batting: RHB Oscar Rudd
|
0-0: Fly out, F8 (Flyball, 8RM)
|
Batting: LHB Larry Howard
|
0-0: Called Strike 0-1: Foul Ball, location: 2F 0-2: Foul Ball, location: 2F 0-2: Ball 1-2: Fly out, F9 (Flyball, 89D)
|
Batting: RHB Armando Pagán
|
0-0: Ball 1-0: Fly out, F8 (Flyball, 8RM)
|
Top of the 2nd over - 0 run(s), 0 hit(s), 0 error(s), 0 left on base; Culver City 0 - Menlo 2 |
BOTTOM OF THE 2ND |
Menlo Maniacs batting - Pitching for Culver City Extras : LHP Greg Taylor
|
Batting: LHB Alfonso Montoya
|
0-0: Ground out 6-3 (Groundball, 56)
|
Batting: RHB William Parker
|
0-0: Ball 1-0: Called Strike 1-1: Called Strike 1-2: Foul Ball, location: 2F 1-2: Ball 2-2: Foul Ball, location: 2F 2-2: Fly out, F9 (Flyball, 9M)
|
Batting: RHB Jesús Cuevas
|
0-0: Called Strike 0-1: Called Strike 0-2: Strikes out swinging
|
Bottom of the 2nd over - 0 run(s), 0 hit(s), 0 error(s), 0 left on base; Culver City 0 - Menlo 2 |
TOP OF THE 3RD |
Culver City Extras batting - Pitching for Menlo Maniacs : RHP Manny Maldonado
|
Batting: RHB Cal Rogers
|
0-0: Ball 1-0: Fly out, F8 (Flyball, 78D)
|
Batting: RHB Salvador Medine
|
0-0: Swinging Strike 0-1: Foul Ball, location: 2F 0-2: Strikes out swinging
|
Batting: RHB Sergio Pujols
|
0-0: Ball 1-0: Ball 2-0: Called Strike 2-1: Ground out 5-3 (Groundball, 56)
|
Top of the 3rd over - 0 run(s), 0 hit(s), 0 error(s), 0 left on base; Culver City 0 - Menlo 2 |
BOTTOM OF THE 3RD |
Menlo Maniacs batting - Pitching for Culver City Extras : LHP Greg Taylor
|
Batting: LHB Marcos Pérez
|
0-0: Called Strike 0-1: Ball 1-1: Ball 2-1: Called Strike 2-2: Ball 3-2: Foul Ball, location: 2F 3-2: Base on Balls
|
Batting: LHB Héctor Flores
|
0-0: Fly out, F7 (Flyball, 7S)
|
Batting: LHB Vincente Sáenz
|
0-0: Ball Marcos Pérez steals 2nd base 1-0: Ground out 4-3 (Groundball, 4) Marcos Pérez to third
|
Batting: RHB Yasuhiko Sumita
|
0-0: Called Strike 0-1: Called Strike 0-2: Ball 1-2: Strikes out swinging
|
Bottom of the 3rd over - 0 run(s), 0 hit(s), 0 error(s), 1 left on base; Culver City 0 - Menlo 2 |
TOP OF THE 4TH |
Culver City Extras batting - Pitching for Menlo Maniacs : RHP Manny Maldonado
|
Batting: RHB Mario López
|
0-0: Ball 1-0: Called Strike 1-1: Foul Ball, location: 2F 1-2: Ball 2-2: Foul Ball, location: 2F 2-2: SOLO HOME RUN (Flyball, 7D), Distance : 391 ft
|
Batting: LHB Jason Lambert
|
0-0: Ball 1-0: Swinging Strike 1-1: Fly out, F7 (Flyball, 7D)
|
Batting: RHB Ricardo Cabrera
|
0-0: Ball 1-0: Foul Ball, location: 2F 1-1: Called Strike 1-2: Ball 2-2: Ball 3-2: Foul Ball, location: 2F 3-2: Foul Ball, location: 2F 3-2: SINGLE (Line Drive, 4MD)
|
Batting: RHB Oscar Rudd
|
0-0: Called Strike 0-1: Swinging Strike 0-2: Strikes out swinging
|
Batting: LHB Larry Howard
|
0-0: Ball 1-0: SINGLE (Groundball, 4MD) Ricardo Cabrera to second
|
Batting: RHB Armando Pagán
|
0-0: Ball 1-0: Called Strike 1-1: Called Strike 1-2: Foul Ball, location: 2F 1-2: Strikes out swinging
|
Top of the 4th over - 1 run(s), 3 hit(s), 0 error(s), 2 left on base; Culver City 1 - Menlo 2 |
BOTTOM OF THE 4TH |
Menlo Maniacs batting - Pitching for Culver City Extras : LHP Greg Taylor
|
Batting: RHB Alberto Hernández
|
0-0: Ground out 5-3 (Groundball, 5S)
|
Batting: LHB Paul Alexander
|
0-0: Called Strike 0-1: Ground out 3-1 (Groundball, 34)
|
Batting: LHB Alfonso Montoya
|
0-0: Ball 1-0: Ball 2-0: Called Strike 2-1: Ball 3-1: Ground out 6-3 (Groundball, 6)
|
Bottom of the 4th over - 0 run(s), 0 hit(s), 0 error(s), 0 left on base; Culver City 1 - Menlo 2 |
TOP OF THE 5TH |
Culver City Extras batting - Pitching for Menlo Maniacs : RHP Manny Maldonado
|
Batting: RHB Cal Rogers
|
0-0: Ball 1-0: Swinging Strike 1-1: Ball 2-1: Fly out, F9 (Flyball, 9D)
|
Batting: RHB Salvador Medine
|
0-0: Swinging Strike 0-1: Fly out, F8 (Flyball, 8RM)
|
Batting: RHB Sergio Pujols
|
0-0: Ball 1-0: Fly out, F5 (Line Drive, 5)
|
Top of the 5th over - 0 run(s), 0 hit(s), 0 error(s), 0 left on base; Culver City 1 - Menlo 2 |
BOTTOM OF THE 5TH |
Menlo Maniacs batting - Pitching for Culver City Extras : LHP Greg Taylor
|
Batting: RHB William Parker
|
0-0: SINGLE (Groundball, 5D)
|
Batting: RHB Jesús Cuevas
|
0-0: Swinging Strike 0-1: Ball 1-1: Ball 2-1: Ball 3-1: Swinging Strike 3-2: Strikes out looking
|
Batting: LHB Marcos Pérez
|
0-0: Foul Ball, location: 2F 0-1: Swinging Strike 0-2: Ball William Parker steals 2nd base 1-2: Strikes out swinging
|
Batting: LHB Héctor Flores
|
0-0: Foul Ball, location: 2F 0-1: Ball 1-1: Swinging Strike 1-2: Foul Ball, location: 2F 1-2: Foul Ball, location: 2F 1-2: Ground out 4-3 (Groundball, 4)
|
Bottom of the 5th over - 0 run(s), 1 hit(s), 0 error(s), 1 left on base; Culver City 1 - Menlo 2 |
TOP OF THE 6TH |
Culver City Extras batting - Pitching for Menlo Maniacs : RHP Manny Maldonado
|
Batting: RHB Mario López
|
0-0: Called Strike 0-1: Foul Ball, location: 2F 0-2: SINGLE (Line Drive, 7S)
|
Batting: LHB Jason Lambert
|
0-0: Called Strike 0-1: Called Strike 0-2: Ball 1-2: Strikes out looking
|
Batting: RHB Ricardo Cabrera
|
0-0: Ball 1-0: Ball 2-0: Ball 3-0: Called Strike 3-1: Fly out, F8 (Flyball, 8LXD)
|
Batting: RHB Oscar Rudd
|
0-0: Called Strike 0-1: Swinging Strike 0-2: Ball 1-2: Ball 2-2: Strikes out swinging
|
Top of the 6th over - 0 run(s), 1 hit(s), 0 error(s), 1 left on base; Culver City 1 - Menlo 2 |
BOTTOM OF THE 6TH |
Menlo Maniacs batting - Pitching for Culver City Extras : LHP Greg Taylor
|
Batting: LHB Vincente Sáenz
|
0-0: Called Strike 0-1: Ball 1-1: Foul Ball, location: 2F 1-2: Ground out 3-1 (Groundball, 34)
|
Batting: RHB Yasuhiko Sumita
|
0-0: Swinging Strike 0-1: Foul Ball, location: 2F 0-2: Ground out 3-1 (Groundball, 34S)
|
Batting: RHB Alberto Hernández
|
0-0: Ball 1-0: Ball 2-0: Called Strike 2-1: Foul Ball, location: 2F 2-2: Fly out, F4 (Popup, 4M)
|
Bottom of the 6th over - 0 run(s), 0 hit(s), 0 error(s), 0 left on base; Culver City 1 - Menlo 2 |
TOP OF THE 7TH |
Culver City Extras batting - Pitching for Menlo Maniacs : RHP Manny Maldonado
|
Batting: LHB Larry Howard
|
0-0: Called Strike 0-1: Swinging Strike 0-2: Strikes out swinging
|
Batting: RHB Armando Pagán
|
0-0: Ball 1-0: Fly out, F9 (Popup, 4D)
|
Batting: RHB Cal Rogers
|
0-0: Called Strike 0-1: SOLO HOME RUN (Flyball, 9D), Distance : 378 ft
|
Pinch Hitting: LHB Tanyu Imai
|
0-0: Fly out, F4 (Line Drive, 4D)
|
Top of the 7th over - 1 run(s), 1 hit(s), 0 error(s), 0 left on base; Culver City 2 - Menlo 2 |
BOTTOM OF THE 7TH |
Menlo Maniacs batting - Pitching for Culver City Extras : LHP Greg Taylor
|
Now at SS: Francisco Rodríguez
|
|
Pinch Hitting: RHB Bob Campbell
|
0-0: Called Strike 0-1: Ball 1-1: Ball 2-1: Foul Ball, location: 2F 2-2: Ball 3-2: Fly out, F9 (Flyball, 89S)
|
Pinch Hitting: LHB Patrick Bright
|
0-0: Ball 1-0: SOLO HOME RUN (Flyball, 7LD), Distance : 343 ft
|
Batting: RHB William Parker
|
0-0: Ball 1-0: Foul Ball, location: 2F 1-1: Foul Ball, location: 2F 1-2: Hit by Pitch
|
Pitching: RHP Álex Villegas
|
|
Pinch Runner at 1st Jim Weaver:
|
|
Pinch Hitting: LHB Oliver Frías
|
0-0: Ball 1-0: Ball 2-0: Ground out U3 (Groundball, 3) Jim Weaver to second
|
Batting: LHB Marcos Pérez
|
0-0: Ball Wild Pitch! Jim Weaver to third 1-0: Foul Ball, location: 2F 1-1: Foul Ball, location: 2F 1-2: Strikes out swinging
|
Bottom of the 7th over - 1 run(s), 1 hit(s), 0 error(s), 1 left on base; Culver City 2 - Menlo 3 |
TOP OF THE 8TH |
Culver City Extras batting - Pitching for Menlo Maniacs : RHP Manny Maldonado
|
Now at 1B: Carlos Gonzáles
|
|
Now at 2B: Tom Meyer
|
|
Now at 3B: Ron McCoy
|
|
Now in RF: Jim Weaver
|
|
Batting: RHB Sergio Pujols
|
0-0: Swinging Strike 0-1: Swinging Strike 0-2: Ball 1-2: Ball 2-2: Foul Ball, location: 2F 2-2: Fly out, F3 (Popup, 3S)
|
Pitching: RHP Júlio Castro
|
|
Batting: RHB Mario López
|
0-0: Ball 1-0: Ball 2-0: Called Strike 2-1: SINGLE (Groundball, 6MD)
|
Pinch Hitting: LHB Stan Bates
|
0-0: Called Strike 0-1: Fly out, F9 (Line Drive, 89S)
|
Pitching: RHP Jorge Luna
|
|
Batting: RHB Ricardo Cabrera
|
0-0: Ball 1-0: Ball 2-0: Called Strike 2-1: Foul Ball, location: 2F 2-2: Strikes out swinging
|
Top of the 8th over - 0 run(s), 1 hit(s), 0 error(s), 1 left on base; Culver City 2 - Menlo 3 |
BOTTOM OF THE 8TH |
Menlo Maniacs batting - Pitching for Culver City Extras : RHP Álex Villegas
|
Now in RF: Axel Guimont
|
|
Batting: LHB Héctor Flores
|
0-0: Ball 1-0: Ball 2-0: Called Strike 2-1: Foul Ball, location: 2F 2-2: Foul Ball, location: 2F 2-2: Strikes out swinging
|
Batting: LHB Vincente Sáenz
|
0-0: Ball 1-0: Called Strike 1-1: Ball 2-1: Foul Ball, location: 2F 2-2: Strikes out swinging
|
Batting: RHB Yasuhiko Sumita
|
0-0: Called Strike 0-1: Foul Ball, location: 2F 0-2: Ball 1-2: Foul Ball, location: 2F 1-2: TRIPLE (Flyball, 8RXD)
|
Batting: RHB Alberto Hernández
|
0-0: Called Strike 0-1: Foul Ball, location: 2F 0-2: Ball 1-2: Foul Ball, location: 2F 1-2: Ball 2-2: Strikes out swinging
|
Bottom of the 8th over - 0 run(s), 1 hit(s), 0 error(s), 1 left on base; Culver City 2 - Menlo 3 |
TOP OF THE 9TH |
Culver City Extras batting - Pitching for Menlo Maniacs : RHP Jorge Luna
|
Pitching: LHP José Acosta
|
|
Pinch Hitting: RHB Max Rash
|
0-0: Foul Ball, location: 2F 0-1: SINGLE (Line Drive, 34)
|
Pinch Runner at 1st Alan Olson:
|
|
Batting: LHB Larry Howard
|
0-0: Ball 1-0: Ball 2-0: Fielders Choice at 2nd, 4-6 (Groundball, 4)
|
Pinch Hitting: RHB Marvin Workman
|
0-0: Ball 1-0: Called Strike 1-1: Grounds into double play, 5-4-3 (Groundball, 56)
|
Top of the 9th over - 0 run(s), 1 hit(s), 0 error(s), 0 left on base; Culver City 2 - Menlo 3 |
|